 Dungeon Crawl Stone Soup version 0.26.0-20-g3ca415f5b8 (webtiles) character file.

Game seed: 1681771275265662223

23 jiml777 the Firebug (level 2, -1/19 HPs)
             Began as a Demonspawn Fire Elementalist on Jan 25, 2021.
             Killed from afar by a dart slug (4 damage)
             ... with a slug dart
             ... on level 2 of the Dungeon.
             The game lasted 00:03:33 (1523 turns).

jiml777 the Firebug (Demonspawn Fire Elementalist)  Turns: 1523, Time: 00:03:35

Health: -1/19      AC:  2    Str:  8    XL:     2   Next: 72%
Magic:  4/5        EV: 12    Int: 16    God:
Gold:   43         SH:  0    Dex: 13    Spells: 4/5 levels left

rFire    . . .     SeeInvis .   b - +0 short sword
rCold    . . .     Faith    .   (no shield)
rNeg     . . .     Spirit   .   a - +0 robe
rPois    .         Reflect  .   (no helmet)
rElec    .         Harm     .   (no cloak)
rCorr    .         Rampage  .   (no gloves)
Will     .....                  (no boots)
Stlth    ++........             (no amulet)
HPRegen  0.06/turn              (no ring)
MPRegen  0.09/turn              (no ring)

@: no status effects
A: miasma immunity
a: no special abilities


You were on level 2 of the Dungeon.
You visited 1 branch of the dungeon, and saw 2 of its levels.

You collected 43 gold pieces.

Inventory:

Hand Weapons
 b - a +0 short sword (weapon)
Armour
 a - a +0 robe (worn)
Scrolls
 c - a scroll of teleportation {unknown}
 d - a scroll of identify {unknown}


   Skills:
 + Level 1.9 Dodging
 + Level 2.0 Stealth
 + Level 2.1 Spellcasting
 + Level 1.0 Conjurations
 + Level 3.3 Fire Magic


You had 4 spell levels left.
You knew the following spells:

 Your Spells              Type           Power        Failure   Level
a - Foxfire               Conj/Fire      32%          9%          1

Your spell library contained the following spells:

 Spells                   Type           Power        Failure   Level
 Conjure Flame            Conj/Fire      8%           26%         3
 Inner Flame              Hex/Fire       7%           30%         3
 Sticky Flame             Conj/Fire      8%           63%         4
 Fireball                 Conj/Fire      4%           93%         5


Dungeon Overview and Level Annotations

Branches:
Dungeon (2/15)

Altars:
Ashenzari


Innate Abilities, Weirdness & Mutations

You are immune to miasma.


Message History

The hobgoblin hits you with a +0 club. The dart slug launches a dart at you.
The slug dart hits you. The goblin barely misses you.
You completely miss the hobgoblin.
The hobgoblin is almost dead.
The hobgoblin hits you but does no damage.
The rat bites you. The dart slug launches a dart at you.
The slug dart misses you.
The slug dart hits the hobgoblin.
The hobgoblin dies!
The goblin hits you with a +0 dagger.
* * * LOW HITPOINT WARNING * * *
Casting: Foxfire (safe; 9% risk of failure)
Confirm with . or Enter, or press ? or * to list all spells.
You conjure some foxfire!
The rat bites you.
* * * LOW HITPOINT WARNING * * *
The goblin hits you but does no damage. The dart slug launches a dart at you.
The slug dart hits you.
You die...

# #! ### .. #..
#.###.# #.....#
#.rw### #@#.#
#vg.# ###<#
............._.
#.#####g####...
..# .## .. ..


You could see a dart slug, a goblin and a rat.

Vanquished Creatures
  A dart slug (D:1)
  2 goblins (D:1)
  A hobgoblin (D:1)
  3 jackals (D:1)
  A ball python (D:1)
  5 bats (D:1)
  4 kobolds (D:1)
  3 rats (D:1)
20 creatures vanquished.

Vanquished Creatures (others)
  A hobgoblin (D:2)
1 creature vanquished.

Grand Total: 21 creatures vanquished

Notes
Turn   | Place    | Note
-------+----------+-------------------------------------------
     0 | D:1      | jiml777 the Demonspawn Fire Elementalist began the quest
                  | for the Orb.
     0 | D:1      | Reached XP level 1. HP: 13/13 MP: 3/3
   197 | D:1      | Reached skill level 3 in Fire Magic
   409 | D:1      | Gained mutation: You are immune to miasma. [demonic
                  | ancestry]
   409 | D:1      | Reached XP level 2. HP: 12/19 MP: 5/5
  1516 | D:2      | Found a broken altar of Ashenzari.
  1523 | D:2      | Killed from afar by a dart slug

Illustrated notes

Levels and vault maps discovered:
D:1:      lightli_arrival_boilingwater, layout_basic, corexii_leaking_fountain
D:2:      minmay_inner_zag, layout_basic, nicolae_overflow_crystal_walls,
          serial_curves, eino_curves_03, eino_curves_03, feat_on_display,
          uniq_natasha

Skill      XL: |  1  2 |
---------------+-------+-----
Fire Magic     | 3 |  3.3
Stealth        | 2 |  2.0
Dodging        | |  1.9
Spellcasting   | |  2.1
Conjurations   | |  1.0

Action                   || total
-------------------------++-------
Melee: Short sword       ||    85
 Cast: Foxfire           ||     1
 Stab: Sleeping          ||     1
Armor: Robe              ||    30
Dodge: Dodged            ||    62
